 Dungeon Crawl Stone Soup version 0.28-a0-691-gad6df49e81 (webtiles) character file.

Game seed: 6780945169128382507

1206 KoroneIsBestGirl the Skirmisher (level 8, 0/65 HPs)
             Began as a Barachi Fighter on Oct 21, 2021.
             Was an Initiate of Gozag.
             Succumbed to a water moccasin's poison
             ... in the Ecumenical Temple.
             The game lasted 00:07:25 (6313 turns).

KoroneIsBestGirl the Skirmisher (Barachi Fighter)   Turns: 6313, Time: 00:07:25

Health: 0/65       AC: 13    Str: 19    XL:     8   Next: 45%
Magic:  8/8        EV: 13    Int:  8    God:    Gozag
Gold:   136        SH:  6    Dex: 13    Spells: 7/7 levels left

rFire   . . .      SeeInvis .   g - +2 dagger (venom)
rCold   . . .      Faith    .   c - +1 buckler
rNeg    . . .      Spirit   .   b - +0 scale mail
rPois   .          Reflect  .   (no helmet)
rElec   .          Harm     .   e - +0 cloak
rCorr   .          Rampage  .   (no gloves)
Will    .....                   (no boots)
Stlth   ..........              (no amulet)
HPRegen 0.20/turn               k - +4 ring of protection
MPRegen 0.11/turn               n - +4 ring of evasion

@: lethally poisoned (0 -> -7), studying Stealth, slow
A: amphibious, slowness 1, strong legs 1, +LOS
a: Hop, Renounce Religion, Potion Petition, Call Merchant, Bribe Branch


You were in the Ecumenical Temple.
You worshipped Gozag.
Gozag was aware of your devotion.
You visited 2 branches of the dungeon, and saw 8 of its levels.
You also visited: Sewer.

You collected 268 gold pieces.
You paid 132 gold pieces to Gozag.

Inventory:

Hand Weapons
 a - a +0 long sword
 g - a +2 dagger of venom (weapon)
Armour
 b - a +0 scale mail (worn)
 c - a +1 buckler (worn)
 e - a +0 cloak (worn)
Jewellery
 k - a +4 ring of protection (left hand)
 n - a +4 ring of evasion (right hand)
Wands
 s - a wand of mindburst (6)
 u - a wand of iceblast (8)
Scrolls
 i - a scroll of vulnerability {unknown}
 j - 2 scrolls of enchant armour
 l - a scroll of immolation {unknown}
 p - 2 scrolls of fear {unknown}
 r - 2 scrolls of identify {unknown}
 t - a scroll of amnesia {unknown}
 v - a scroll of noise {unknown}
 x - 4 scrolls of blinking {unknown}
 y - 3 scrolls of enchant weapon {unknown}
 z - a scroll of summoning {unknown}
 A - a scroll of teleportation {unknown}
 B - a scroll of acquirement {unknown}
Potions
 d - a potion of might
 f - a potion of brilliance {unknown}
 h - 2 potions of curing {unknown}
 m - a potion of heal wounds {unknown}
 o - a potion of invisibility {unknown}
 q - a potion of berserk rage {unknown}
 w - 6 potions of flight


   Skills:
 + Level 6.9 Fighting
 + Level 6.4 Long Blades
 + Level 6.9 Armour
 + Level 6.3 Shields


You had 7 spell levels left.
You didn't know any spells.
Your spell library contained the following spells:

 Spells                   Type           Power      Damage    Failure   Level
 Blink                    Tloc           N/A        N/A       87%         2
 Lesser Beckoning         Tloc           0%         N/A       98%         3
 Manifold Assault         Tloc           0%         N/A       100%        5


Dungeon Overview and Level Annotations

Branches:
Dungeon (7/15)             Temple (1/1) D:6           Sewer (visited)

Altars:
Dithmenos
Fedhas
Gozag
Okawaru
Ru
Sif Muna
Trog
Vehumet
Wu Jian
Xom
Zin

Shops:
D:1 *[   D:6 ?*:


Innate Abilities, Weirdness & Mutations

You are amphibious.
You cover ground slowly.
You can hop short distances.
You have an extended range of vision and can be seen from far away.


Message History

You feel sick. The water moccasin bites you.
The water moccasin bites you but does no damage.
You hit the water moccasin but do no damage.
You feel sick. The water moccasin closely misses you.
You barely miss the water moccasin.
You feel sick.
The water moccasin bites you but does no damage.
You barely miss the water moccasin.
The water moccasin is lightly wounded.
You feel sick. The water moccasin misses you.
You closely miss the water moccasin.
The water moccasin is lightly wounded.
You feel sick. You block the water moccasin's attack.
You hit the water moccasin but do no damage.
The water moccasin looks even sicker.
The water moccasin is lightly wounded.
You feel sick.
You are no longer poisoned.
The water moccasin closely misses you.
You hit the water moccasin but do no damage.
The water moccasin is moderately wounded.
The water moccasin bites you but does no damage.
You closely miss the water moccasin.
The water moccasin is moderately wounded.
The water moccasin bites you!
* * * LOW HITPOINT WARNING * * *
The water moccasin bites you!
* * * LOW HITPOINT WARNING * * *
You are lethally poisoned!
The water moccasin poisons you!
Okay, then.
You need at least 400 gold to purchase potions right now!
* * * LOW HITPOINT WARNING * * *
You feel very sick. The water moccasin barely misses you.
You are no longer corroded.
* * * LOW HITPOINT WARNING * * *
You feel very sick. The water moccasin barely misses you.
The water moccasin closely misses you.
You die...
Your body crumbles into a pile of gold.

....♣♣...♣♣.♣♣
♣♣.♣
♣♣♣♣♣♣♣.♣♣♣♣.♣♣♣
♣♣ ♣ ♣..♣
♣♣..♣♣♣ ♣ ♣♣..♣
♣♣..P♣ ...♣
♣♣♣.♣ _..♣ ♣.♣
...♣ ♣♣.♣♣♣♣
..♣♣ ♣♣...♣.♣
.♣♣ ♣..@..♣♣
♣.....♣ ♣...S.♣
♣♣.<.♣♣ ♣♣♣♣♣


You could see a water moccasin (very poisoned).

Vanquished Creatures
  A black bear (D:6)
  3 ogres
  A phantom (D:6)
  A scorpion (D:5)
  2 water moccasin skeletons (D:4)
  A wight (D:6)
  2 howler monkeys
  A jelly (D:4)
  Crazy Yiuf (D:4)
  A gnoll shaman (D:6)
  A hound (D:4)
  Jessica (D:3)
  An iguana (D:5)
  A hound zombie (D:5)
  11 gnolls
  10 adders
  3 river rats (D:6)
  An adder skeleton (D:4)
  10 worms
  2 dart slugs
  An orc (D:6)
  11 ball pythons
  7 endoplasms
  6 giant cockroaches
  A goblin (D:3)
  2 hobgoblins
  4 jackals (Sewer)
  A quokka (D:3)
  8 bats
  6 frilled lizards
  A jackal skeleton (D:4)
  4 kobolds
  6 rats
113 creatures vanquished.

Vanquished Creatures (others)
  2 plants (D:6)
2 creatures vanquished.

Grand Total: 115 creatures vanquished

Notes
Turn   | Place    | Note
-------+----------+-------------------------------------------
     0 | D:1      | KoroneIsBestGirl the Barachi Fighter began the quest for
                  | the Orb.
     0 | D:1      | Reached XP level 1. HP: 18/18 MP: 1/1
   310 | D:1      | Found Ukuhusy's Armour Boutique.
   316 | D:1      | Reached XP level 2. HP: 25/25 MP: 2/2
   371 | D:1      | Found Tihoadgh's Assorted Antiques.
   414 | D:1      | Found a faded altar of an unknown god.
   759 | D:2      | Reached XP level 3. HP: 30/30 MP: 3/3
   992 | D:2      | Found a bloodstained altar of Trog.
  1647 | D:3      | Noticed Jessica
  1652 | D:3      | Killed Jessica
  1653 | D:3      | Reached XP level 4. HP: 34/38 MP: 4/4
  2259 | D:3      | Reached XP level 5. HP: 43/43 MP: 5/5
  2800 | D:4      | Noticed an ogre
  2815 | D:4      | Killed an ogre
  2816 | D:4      | Reached skill level 5 in Fighting
  2816 | D:4      | Reached skill level 5 in Armour
  2816 | D:4      | Reached XP level 6. HP: 29/51 MP: 6/6
  3247 | D:3      | Reached skill level 5 in Shields
  3275 | D:4      | Reached XP level 7. HP: 41/56 MP: 7/7
  3451 | D:4      | Found a runed translucent door.
  3452 | D:4      | Noticed Crazy Yiuf
  3575 | D:4      | Found a sacrificial altar of Ru.
  3667 | D:4      | Killed Crazy Yiuf
  3668 | D:4      | Reached skill level 5 in Long Blades
  3740 | D:5      | Entered Level 5 of the Dungeon
  3790 | D:5      | Found a bloodstained altar of Trog.
  4096 | D:5      | Found a blossoming altar of Fedhas.
  4127 | D:5      | Noticed a two-headed ogre
  4133 | D:6      | Found Payhuat's Magic Scroll Emporium.
  4304 | D:6      | Found a glowing drain.
  4309 | Sewer    | Entered a sewer
  5155 | D:7      | Reached XP level 8. HP: 23/60 MP: 8/8
  5627 | D:6      | Found Ecoteg's Lightly-Used Armoury.
  5940 | D:6      | Found Otomegru's Self-Improvement Boutique.
  5950 | D:6      | Found a staircase to the Ecumenical Temple.
  6017 | Temple   | Entered the Ecumenical Temple
  6242 | Temple   | Became a worshipper of Gozag Ym Sagoz the Greedy
  6312 | Temple   | HP: 2/65 [poisoned by a water moccasin]
  6313 | Temple   | Succumbed to a water moccasin's poison

Illustrated notes

Levels and vault maps discovered:
D:1:      nzn_arrival_depleted_hourglass, layout_rooms, serial_shops,
          nicolae_shop_overgrown_old_shop, nicolae_diamond_shop,
          shapermc_ecumenical_altar_acropolis
D:2:      layout_loops_ring, basic_altar, minmay_misc_feat_iff,
          nrook_mini_vaults
D:3:      cheibrodos_helix_gallery, layout_loops_ring, uniq_jessica
D:4:      layout_rooms, kennysheep_mini, chequers_serial_rivers_micro_b,
          uniq_crazy_yiuf_cottage
D:5:      kennysheep_spiral_hall, layout_basic, lemuel_coloured_pillars_altar,
          fedhas_altar_1, mainiacjoe_overflow_concentric_impassable
D:6:      cheibrodos_fzero, layout_basic, gammafunk_temple_overflow_pools,
          nicolae_elyvilon_peaceful_grove, minmay_temple_entry_stoned_glass,
          lightli_sewer_entry_pipes, st_stairs_9, serial_bayou_ford_a,
          nicolae_stop_n_shop_1, minmay_shop_damaged, nicolae_shop_self_help
D:7:      layout_cave_pods
Temple:   minmay_temple_forest_path

Skill      XL: |  1  2  3  4  5  6  7  8 |
---------------+-------------------------+-----
Fighting       | 4 5 6 |  6.9
Armour         | 4 5 6 |  6.9
Long Blades    | 3 4 5 6 |  6.4
Shields        | 4 5 6 |  6.3

Action                   |  1- 3 |  4- 6 |  7- 9 || total
-------------------------+-------+-------+-------++-------
Melee: Long sword        |    11 |       |       ||    11
       Dagger            |    59 |   118 |   371 ||   548
 Abil: Hop               |       |     1 |     2 ||     3
  Use: Scroll            |       |       |     1 ||     1
Armor: Scale mail        |    29 |    50 |   115 ||   194
Dodge: Dodged            |    22 |    69 |   155 ||   246
Block: Buckler           |    15 |    27 |   102 ||   144

Table legend: (Time is in decaauts)
 A = Elapsed time spent in this place.
 B = Non-inter-level travel time spent in this place.
 C = Inter-level travel time spent in this place.
 D = Time resting spent in this place.
 E = Time spent auto-exploring this place.
 F = Levels seen in this place.
 G = Mean time per level.
                   A        B        C        D        E       F      G
               +--------+--------+--------+--------+--------+-----+--------+
         Total |   6848 |   6586 |    262 |   1102 |   4501 |   9 |  760.9 |
       Dungeon |   5743 |   5552 |    191 |   1102 |   3646 |   7 |  820.4 |
        Temple |    323 |    253 |     70 |      0 |    230 |   1 |  323.0 |
         Sewer |    782 |    782 |      0 |      0 |    625 |   1 |  782.0 |
               +--------+--------+--------+--------+--------+-----+--------+

Top non-repeatable levels by time:
     D:2: 1487 daAuts
     D:4: 1086 daAuts
     D:3: 899 daAuts
   Sewer: 782 daAuts
     D:6: 705 daAuts
     D:1: 680 daAuts
     D:7: 472 daAuts
     D:5: 412 daAuts
  Temple: 323 daAuts
